 Dungeon Crawl Stone Soup version 0.30-a0-347-gf58ed5266c (webtiles) character file.

Game seed: 13821051842065347583

174 oldriver the Changer (level 5, -3/54 HPs)
             Began as an Ogre Transmuter on Nov 7, 2022.
             Slain by Blork the orc
             ... wielding a +0 glaive
              (9 damage)
             ... on level 4 of the Dungeon.
             The game lasted 00:04:38 (3140 turns).

oldriver the Changer (Ogre Transmuter)              Turns: 3140, Time: 00:04:38

Health: -3/54      AC:  3    Str: 14    XL:     5   Next: 54%
Magic:  7/9        EV:  9    Int: 16    God:
Gold:   171        SH:  0    Dex:  9    Spells: 7/10 levels left

rFire   . . .      SeeInvis .      - Unarmed
rCold   . . .      Faith    .    (no shield)
rNeg    . . .      Spirit   .    a - +0 robe
rPois   .          Reflect  .    (helmet currently unavailable)
rElec   .          Harm     .    (no cloak)
rCorr   .          Rampage  .    (gloves unavailable)
Will    .....                    (boots unavailable)
Stlth   +.........               (no amulet)
HPRegen 0.29/turn                (no ring)
MPRegen 0.11/turn                (no ring)

@: appendages, wereblooded
A: horns 2, talons 2, large, unfitting armour, tough skin 1
a: End Transformation


You were on level 4 of the Dungeon.
You had temporarily grown beastly horns and talons.
You visited 1 branch of the dungeon, and saw 4 of its levels.

You collected 171 gold pieces.

Inventory:

Armour
 a - a +0 robe (worn)
Wands
 g - a wand of flame (17)
Scrolls
 c - a scroll of noise
 e - a scroll of acquirement {unknown}
 f - 2 scrolls of torment
 h - a scroll of teleportation
 l - a scroll of enchant weapon
Potions
 b - a potion of lignification
 d - a potion of haste
 i - a potion of magic
 j - 4 potions of curing
 k - a potion of heal wounds


   Skills:
 + Level 3.8 Fighting
 - Level 1.7 Dodging
 - Level 2.6 Unarmed Combat
 - Level 3.0 Spellcasting
 * Level 4.1 Transmutations


You had 7 spell levels left.
You knew the following spells:

 Your Spells              Type           Power      Damage    Failure   Level
a - Beastly Appendage     Tmut           30%        N/A       3%          1
b - Wereblood             Tmut           15%        N/A       5%          2

Your spell library contained the following spells:

 Spells                   Type           Power      Damage    Failure   Level
 Spider Form              Tmut/Pois      9%         N/A       24%         3
 Ignite Poison            Fire/Tmut/Pois 6%         N/A       32%         3
 Call Canine Familiar     Summ           2%         N/A       50%         3
 Kindle Blastsparks       Fire/Tloc/Air  4%         2d10      50%         3
 Portal Projectile        Hex/Tloc       4%         N/A       50%         3
 Ice Form                 Ice/Tmut       9%         N/A       63%         4
 Leda's Liquefaction      Hex/Erth       1%         N/A       88%         4
 Freezing Cloud           Conj/Ice/Air   1%         6-21      99%         5


Dungeon Overview and Level Annotations

Branches:
Dungeon (4/15)             Temple (0/1) D:4

Altars:
Ashenzari
Fedhas
Wu Jian
The Shining One

Annotations:
D:3 1 runed translucent door, purpskrrrp's ghost, amateur TrWr
D:4 Blork the orc; Dowan; Duvessa


Innate Abilities, Weirdness & Mutations

You have temporarily grown beastly horns and talons.
You are too large for most types of armour.
You have tough skin. (AC +1)


Message History

Blork the orc comes into view.
He is wielding a +0 glaive and wearing a +2 robe of fire resistance.
Blork the orc is nearby!
Blork the orc is nearby!
Blork the orc is nearby!
Casting: Beastly Appendage (safe; 3% risk of failure)
Confirm with . or Enter, or press ? or * to list all spells.
You extend your transformation's duration.
Okay, then.
Casting: Beastly Appendage (safe; 3% risk of failure)
Confirm with . or Enter, or press ? or * to list all spells.
Your blood is infused with primal strength.
Blork the orc hits you with a +0 glaive!
You completely miss Blork the orc. You headbutt Blork the orc!
Blork the orc is moderately wounded.
Blork the orc gestures at you while chanting.
The puff of frost hits you.
You hit Blork the orc but do no damage. You claw Blork the orc.
You headbutt Blork the orc, but do no damage.
Blork the orc is moderately wounded.
Blork the orc closely misses you.
You hit Blork the orc but do no damage.
Blork the orc is moderately wounded.
Blork the orc looks braver for a moment.
You closely miss Blork the orc. Your kick misses Blork the orc.
Blork the orc is moderately wounded.
Blork the orc barely misses you.
You barely miss Blork the orc. Your kick misses Blork the orc.
Blork the orc is moderately wounded.
Blork the orc hits you with a +0 glaive!
You hit Blork the orc but do no damage. You claw Blork the orc.
Blork the orc is heavily wounded.
Blork the orc hits you with a +0 glaive.
You hit Blork the orc but do no damage.
Blork the orc is heavily wounded.
Blork the orc hits you with a +0 glaive!!
* * * LOW HITPOINT WARNING * * *
You hit Blork the orc.
Blork the orc is heavily wounded.
Blork the orc hits you with a +0 glaive!
You die...

.## . ...# #. # #..##. ..
#..#.. ... #....# ...#
..### ####.##o##....# ...##
..............# ...#.
####o##†##....# ##...
#####.@##.# ...#
##..............#.##....#
###..##.####..............?
)...# #.# #........#######
....###.## #........#
.........########.#...#
.....#.#..### #..##...§§
.....#..#...# ##.## ..~§§~
....#######.###..# .~~~§§


You could see Blork the orc.

Vanquished Creatures
  An orc wizard (D:3)
  7 adders
  2 worms (D:2)
  6 dart slugs
  3 orcs (D:3)
  5 ball pythons
  6 endoplasms
  3 giant cockroaches (D:2)
  6 goblins
  2 hobgoblins (D:1)
  4 jackals (D:4)
  5 kobolds
  7 bats
  9 rats
  A toadstool (D:1)
67 creatures vanquished.

Vanquished Creatures (others)
  3 toadstools (D:1)
3 creatures vanquished.

Grand Total: 70 creatures vanquished

Notes
Turn   | Place    | Note
-------+----------+-------------------------------------------
     0 | D:1      | oldriver the Ogre Transmuter began the quest for the Orb.
     0 | D:1      | Reached XP level 1. HP: 19/19 MP: 3/3
   114 | D:1      | Reached skill level 2 in Transmutations
   116 | D:1      | Reached XP level 2. HP: 18/28 MP: 3/5
   866 | D:2      | Reached XP level 3. HP: 35/35 MP: 5/7
   908 | D:2      | Identified the +3 leather armour of Activism {rElec rF+++
                  | Slay-4 SInv}
  1160 | D:2      | Reached skill level 3 in Transmutations
  1279 | D:2      | Reached XP level 4. HP: 43/44 MP: 6/8
  1282 | D:2      | Learned a level 2 spell: Wereblood
  1921 | D:3      | Reached XP level 5. HP: 24/53 MP: 9/9
  2089 | D:3      | Found a runed translucent door.
  2089 | D:3      | Noticed purpskrrrp's ghost (amateur TrWr)
  2184 | D:3      | Found a glowing golden altar of the Shining One.
  2271 | D:3      | Found a blossoming altar of Fedhas.
  2424 | D:3      | Found a broken altar of Ashenzari.
  2819 | D:4      | Noticed Duvessa
  2821 | D:4      | Noticed Dowan
  2829 | D:3      | Reached skill level 4 in Transmutations
  3032 | D:4      | Found an ornate altar of the Wu Jian Council.
  3095 | D:4      | Found a staircase to the Ecumenical Temple.
  3124 | D:4      | Noticed Blork the orc
  3140 | D:4      | Slain by Blork the orc

Illustrated notes

Levels and vault maps discovered:
D:1:      ldierk_water_garden, layout_basic
D:2:      layout_loops_cross, minmay_unequal
D:3:      layout_basic, general_overflow_altar, mainiacjoe_overflow_brackets,
          lemuel_crystal_altar, hellmonk_ghost_happy_afterlife,
          serial_bayou_pond_a
D:4:      layout_rooms, mainiacjoe_overflow_six_doors_small,
          minmay_temple_entry_mist, kennysheep_opposing_triangles, uniq_duvessa,
          uniq_blork_the_orc

Skill      XL: |  1  2  3  4  5 |
---------------+----------------+-----
Transmutations | 2 3 4 |  4.1
Fighting       | 2 3 |  3.8
Spellcasting   | 3 |  3.0
Dodging        | |  1.7
Unarmed Combat | |  2.6

Action                   |  1- 3 |  4- 6 || total
-------------------------+-------+-------++-------
Melee: Unarmed           |    92 |   117 ||   209
       Headbutt          |    15 |    13 ||    28
       Kick              |    11 |    19 ||    30
       Punch             |       |     1 ||     1
 Cast: Beastly Appendage |    25 |    25 ||    50
       Wereblood         |       |     1 ||     1
  Use: Potion            |     3 |       ||     3
       Scroll            |     2 |     7 ||     9
Armor: Robe              |    47 |    33 ||    80
Dodge: Dodged            |    54 |    54 ||   108

Table legend: (Time is in decaauts)
 A = Elapsed time spent in this place.
 B = Non-inter-level travel time spent in this place.
 C = Inter-level travel time spent in this place.
 D = Time resting spent in this place.
 E = Time spent auto-exploring this place.
 F = Levels seen in this place.
 G = Mean time per level.
                   A        B        C        D        E       F      G
               +--------+--------+--------+--------+--------+-----+--------+
         Total |   3132 |   3037 |     95 |    196 |   2308 |   4 |  783.0 |
       Dungeon |   3132 |   3037 |     95 |    196 |   2308 |   4 |  783.0 |
               +--------+--------+--------+--------+--------+-----+--------+

Top non-repeatable levels by time:
     D:3: 1153 daAuts
     D:2: 959 daAuts
     D:1: 857 daAuts
     D:4: 161 daAuts
